 Dungeon Crawl Stone Soup version 0.29-a0-96-g93358da72b (webtiles) character file.

Game seed: 10732533475094401946

100 cyrus the Caller (level 4, 0/31 HPs)
             Began as a Vampire Summoner on Feb 11, 2022.
             Succumbed to an adder's poison
             ... on level 3 of the Dungeon.
             The game lasted 00:09:08 (2340 turns).

cyrus the Caller (Vampire Summoner)                 Turns: 2340, Time: 00:09:09

Health: 0/31       AC:  2    Str:  7    XL:     4   Next: 46%
Magic:  7/8        EV: 12    Int: 19    God:
Gold:   90         SH:  0    Dex: 14    Spells: 5/8 levels left

rFire   . . .      SeeInvis +   m - +0 short sword
rCold   . . .      Faith    .   (no shield)
rNeg    . . .      Spirit   .   a - +0 robe
rPois   .          Reflect  .   (no helmet)
rElec   .          Harm     .   (no cloak)
rCorr   .          Rampage  .   (no gloves)
Will    .....                   (no boots)
Stlth   ++........              (no amulet)
HPRegen 0.30/turn               (no ring)
MPRegen 0.11/turn               (no ring)

@: lethally poisoned (0 -> -12), healing quickly
A: alive, fangs 3, see invisible, vampiric 2
a: Exsanguinate


You were on level 3 of the Dungeon.
You visited 1 branch of the dungeon, and saw 3 of its levels.

You collected 90 gold pieces.

Inventory:

Hand Weapons
 b - a +0 dagger
 c - a +0 whip
 m - a +0 short sword (weapon)
Armour
 a - a +0 robe (worn)
 g - a +0 pair of boots
Scrolls
 d - a scroll of fog {unknown}
 f - 3 scrolls of identify {unknown}
 j - a scroll of acquirement {unknown}
 k - a scroll of fear {unknown}
 l - a scroll of enchant armour {unknown}
 n - a scroll of amnesia {unknown}
Potions
 e - 3 potions of invisibility {unknown}
 h - 2 potions of attraction {unknown}
 i - a potion of brilliance {unknown}


   Skills:
 + Level 0.7 Fighting
 + Level 1.3 Short Blades
 + Level 0.1 Maces & Flails
 + Level 2.7 Dodging
 + Level 3.4 Stealth
 + Level 2.6 Spellcasting
 + Level 4.8 Summonings


You had 5 spell levels left.
You knew the following spells:

 Your Spells              Type           Power      Damage    Failure   Level
a - Summon Small Mammal   Summ           80%        N/A       2%          1
b - Call Imp              Summ           20%        N/A       3%          2

Your spell library contained the following spells:

 Spells                   Type           Power      Damage    Failure   Level
 Call Canine Familiar     Summ           20%        N/A       7%          3
 Summon Guardian Golem    Hex/Summ       11%        N/A       19%         3
 Summon Lightning Spire   Summ/Air       11%        N/A       52%         4
 Cause Fear               Hex            1%         N/A       83%         4
 Dragon Form              Tmut           1%         N/A       100%        7
 Dragon's Call            Summ           10%        N/A       100%        9


Dungeon Overview and Level Annotations

Branches:
Dungeon (3/15)

Altars:
Cheibriados


Innate Abilities, Weirdness & Mutations

Your natural rate of healing is accelerated.
You have razor-sharp teeth.
You have supernaturally acute eyesight. (SInv)
You are afflicted with vampirism and can become a bat while bloodless.


Message History

An adder comes into view.
The adder moves out of view.
The adder hisses angrily.
An adder is nearby!
Casting: Call Imp (safe; 3% risk of failure)
Confirm with . or Enter, or press ? or * to list all spells.
You don't know that spell.
Unknown command.
Casting: Call Imp (safe; 3% risk of failure)
Confirm with . or Enter, or press ? or * to list all spells.
A beastly little devil appears in a puff of flame.
The adder bites you.
You are poisoned.
The adder poisons you!
You feel sick. The adder bites you.
Your crimson imp blinks!
You hit the adder. Your bite misses the adder.
The adder is lightly wounded.
You feel sick. The adder bites you. The adder misses you.
You closely miss the adder.
The adder is lightly wounded.
You feel sick. The adder bites you.
Your crimson imp hits the adder.
You hit the adder but do no damage.
The adder is moderately wounded.
You feel sick. The adder bites you.
You are more poisoned.
The adder poisons you!
Your crimson imp hits the adder but does no damage.
The adder bites you.
You are lethally poisoned!
The adder poisons you!
You miss the adder.
The adder is moderately wounded.
* * * LOW HITPOINT WARNING * * *
You feel very sick.
Your crimson imp misses the adder.
The adder bites you.
* * * LOW HITPOINT WARNING * * *
You are more poisoned.
The adder poisons you!
You die...

#....#...
#.........##.#
##########
#.........##.# #
#...(.....##.#
##### #
############.#
....# #. #.#
....# #.## # #.#
....# ###... .#
#.# ....#
......#######.#
#.# ....#
.......@......#
#.# ....##
..............#
#.# .....#
......5S......##
#.# .....#
...............#
#.# .....#
#####..........#
#.# #....#
#..........# #.#
#....#
#..........# #.#
#....#
#..........####.#
#....#
#.........(.....#


You could see an adder (ally target) and a friendly crimson imp (summoned).

Vanquished Creatures
  2 adders (D:2)
  2 ball pythons (D:1)
  A bat (D:3)
  4 giant cockroaches
  5 goblins
  3 hobgoblins (D:1)
  3 kobolds
  3 frilled lizards (D:2)
23 creatures vanquished.

Vanquished Creatures (collateral kills)
  A hound skeleton (D:3)
  2 adders (D:3)
  3 bats
  4 endoplasms
  A giant cockroach (D:1)
  2 goblins (D:3)
  4 hobgoblins
  3 ball pythons
  A frilled lizard (D:2)
  A kobold (D:3)
  2 rats
24 creatures vanquished.

Vanquished Creatures (others)
  A plant (D:1)
1 creature vanquished.

Grand Total: 48 creatures vanquished

Notes
Turn   | Place    | Note
-------+----------+-------------------------------------------
     0 | D:1      | cyrus the Vampire Summoner began the quest for the Orb.
     0 | D:1      | Reached XP level 1. HP: 13/13 MP: 3/3
   351 | D:1      | Reached XP level 2. HP: 19/19 MP: 5/5
   532 | D:1      | Learned a level 2 spell: Call Imp
  1190 | D:2      | Gained mutation: You are afflicted with vampirism and can
                  | become a bat while bloodless. [Vampire growth]
  1190 | D:2      | Reached XP level 3. HP: 18/24 MP: 3/6
  1271 | D:2      | Reached skill level 1 in Short Blades
  2026 | D:3      | Found a snail-covered altar of Cheibriados.
  2236 | D:3      | Reached XP level 4. HP: 30/31 MP: 5/7
  2340 | D:3      | Succumbed to an adder's poison

Illustrated notes

Levels and vault maps discovered:
D:1:      lightli_arrival_flooded_house, layout_basic
D:2:      layout_basic
D:3:      layout_basic, mainiacjoe_overflow_24_doors, kennysheep_generic_room_2

Skill      XL: |  1  2  3 |
---------------+----------+-----
Short Blades   | 1 |  1.3
Fighting       | |  0.7
Maces & Flails | |  0.1
Dodging        | |  2.7
Stealth        | |  3.4
Spellcasting   | |  2.6
Summonings     | |  4.8

Action                   |  1- 3 |  4- 6 || total
-------------------------+-------+-------++-------
Melee: Dagger            |    76 |       ||    76
       Unarmed           |     8 |       ||     8
       Bite              |    11 |     1 ||    12
       Punch             |     1 |       ||     1
       Whip              |    23 |       ||    23
       Short sword       |     4 |    17 ||    21
 Cast: Summon Small Mamm |    16 |       ||    16
       Call Imp          |    18 |     2 ||    20
 Stab: Sleeping          |     4 |       ||     4
Armor: Robe              |    19 |     2 ||    21
Dodge: Dodged            |    81 |     9 ||    90

Table legend: (Time is in decaauts)
 A = Elapsed time spent in this place.
 B = Non-inter-level travel time spent in this place.
 C = Inter-level travel time spent in this place.
 D = Time resting spent in this place.
 E = Time spent auto-exploring this place.
 F = Levels seen in this place.
 G = Mean time per level.
                   A        B        C        D        E       F      G
               +--------+--------+--------+--------+--------+-----+--------+
         Total |   2343 |   2334 |      9 |    333 |   1268 |   3 |  781.0 |
       Dungeon |   2343 |   2334 |      9 |    333 |   1268 |   3 |  781.0 |
               +--------+--------+--------+--------+--------+-----+--------+

Top non-repeatable levels by time:
     D:1: 1170 daAuts
     D:2: 718 daAuts
     D:3: 454 daAuts
